Blue Jackets vs Capitals

Created - December 25, 2020 at 19:41

Goals
1 2 3 T
Blue Jackets 0 0 1 1
Capitals 3 2 1 6
Shots
1 2 3 T
Blue Jackets 10 11 7 28
Capitals 13 10 13 36

1st period

1. Capitals , Ryan Nugent-Hopkins 6 (Blake Wheeler 8, Brent Burns 17) at 3:43 (PP)
2. Capitals , Ryan Nugent-Hopkins 7 (Mike Green 11, Blake Wheeler 9) at 7:45 (PP)
3. Capitals , Joe Pavelski 16 (Patrick Sharp 12, Derek Roy 27) at 18:09 (PP)

Penalties :
Rob Scuderi (Clb) for Holding (Minor) at 3:10, Devin Setoguchi (Clb) for Interference (Minor) at 7:00, Dalton Prout (Clb) for Hooking (Minor) at 18:00

2nd period

4. Capitals , Patrick Sharp 15 (Joe Pavelski 16, Derek Roy 28) at 1:59 (PP)
5. Capitals , Patrick Sharp 16 (Mike Green 12, Keith Kinkaid) at 19:54 (PP)

Penalties :
Andreas Nodl (Clb) for Tripping (Minor) at 1:55, Devin Setoguchi (Clb) for Hooking (Minor) at 5:34, Ondrej Palat (Was) for Tripping (Minor) at 10:11, Patrick Sharp (Was) for Hooking (Minor) at 16:56, Cam Fowler (Clb) for Cross-checking (Minor) at 19:41

3rd period

6. Capitals , Joe Pavelski 17 (Derek Roy 29) at 8:14 (PP)
7. Blue Jackets , Rob Scuderi 2 (Martin Havlat 10, Max Pacioretty 14) at 15:55

Penalties :
Max Pacioretty (Clb) for Close Hand On Puck (Minor) at 1:45, Blake Wheeler (Was) for Holding (Minor) at 5:25, Brandon Bollig (Clb) for Interference (Minor) at 8:08, Mike Lundin (Clb) for Hooking (Minor) at 16:18

Goalie Stats

Andrei Vasilevskiy (Clb), 19 saves from 21 shots - (0.905), 38:01 minutes
Rick DiPietro (Clb), 11 saves from 15 shots - (0.733), L, 7-12-2, 21:59 minutes
Keith Kinkaid (Was), 27 saves from 28 shots - (0.964), W, 10-2-0, 60:00 minutes

Players Stats for Blue Jackets

Player Name              G  A  P  +/- PIM S  H  SB GA TA FO     MP     PP MP  PK MP  
------------------------------------------------------------------------------------
Andreas Nodl             0  0  0   0  2   0  0  0  0  0  0/1     8:45   0:00   0:00 
Artemi Panarin           0  0  0   0  0   7  0  0  2  2  0/0    24:17   3:27   4:40 
Brandon Bollig           0  0  0   0  2   1  2  0  0  0  0/0     9:17   0:00   0:12 
Branislav Mezei          0  0  0   0  0   2  0  2  0  2  0/0    13:50   0:00   0:26 
Cam Fowler               0  0  0   0  2   2  2  4  1  0  0/0    26:17   3:05   4:51 
Cody Eakin               0  0  0   0  0   2  1  0  1  1  1/1     9:36   0:00   0:49 
Dalton Prout             0  0  0   1  2   0  1  0  0  1  0/0    20:04   2:52   2:43 
Devin Setoguchi          0  0  0   0  4   3  2  0  0  0  1/1    19:55   3:27   0:00 
Eric Wellwood            0  0  0   0  0   0  3  0  0  0  0/0    11:18   0:00   1:44 
Martin Havlat            0  1  1   1  0   2  2  1  0  0  1/2    14:15   2:30   0:00 
Max Pacioretty           0  1  1   1  2   2  5  2  0  1  2/3    15:52   2:30   1:37 
Mike Lundin              0  0  0   0  2   1  4  0  2  0  0/0    25:30   3:05   3:58 
Pavel Datsyuk            0  0  0   0  0   3  1  0  0  0  0/1     9:08   0:00   0:00 
Peter Mueller            0  0  0   1  0   0  2  1  0  0  5/15   16:14   2:30   1:58 
Rob Scuderi              1  0  1   1  2   1  1  2  0  2  0/0    19:34   2:52   2:22 
Ryan Wilson              0  0  0   0  0   0  2  1  0  1  0/0    14:47   0:00   1:14 
Tyler Kennedy            0  0  0   0  0   0  2  0  0  0  0/0     9:08   0:00   0:00 
Tyler Seguin             0  0  0   0  0   2  2  0  1  0  22/40  24:17   3:27   4:34 

Players Stats for Capitals

Player Name              G  A  P  +/- PIM S  H  SB GA TA FO     MP     PP MP  PK MP  
------------------------------------------------------------------------------------
Alexander Steen          0  0  0   0  0   2  0  2  1  0  1/1    15:49   0:11   1:08 
Blake Wheeler            0  2  2  -1  2   1  0  0  1  0  0/1    14:38   2:50   0:00 
Brent Burns              0  1  1   0  0   3  1  0  2  3  0/0    27:27   5:07   3:26 
Derek Roy                0  3  3   0  0   3  1  0  2  0  17/37  22:11   4:46   3:07 
Jason Pominville         0  0  0   0  0   8  1  0  0  0  1/2    19:15   3:01   1:35 
Joe Pavelski             2  1  3   0  0   5  4  0  1  1  3/4    19:03   4:46   3:15 
Marc-Édouard Vlasic      0  0  0  -1  0   0  2  1  0  0  0/0    14:19   0:00   0:00 
Mike Green               0  2  2  -1  0   1  1  1  0  0  0/0    22:47   5:07   3:26 
Mike Hoffman             0  0  0   0  0   0  2  0  0  0  0/0     8:54   0:00   0:00 
Mikko Koivu              0  0  0   0  0   1  2  0  0  0  2/5    10:41   0:11   1:36 
Ondrej Palat             0  0  0  -1  2   0  0  0  1  0  0/0    11:41   0:00   0:00 
Patrick Sharp            2  1  3   0  2   2  0  0  1  1  1/1    17:13   4:46   1:13 
Ryan Getzlaf             0  0  0   0  0   5  1  0  0  0  2/7    10:57   0:00   0:00 
Ryan Nugent-Hopkins      2  0  2  -1  0   2  1  0  0  0  5/6    14:44   2:50   0:00 
Ryan Suter               0  0  0   0  0   1  0  0  0  0  0/0    18:14   2:40   2:31 
T.J. Oshie               0  0  0   0  0   1  0  0  1  0  0/0     8:54   0:00   0:00 
Torey Krug               0  0  0   0  0   1  2  3  0  0  0/0    21:33   2:40   0:00 
Trevor Daley             0  0  0   0  0   0  0  1  0  2  0/0    15:40   0:00   2:31 

3 Stars

1 - Joe Pavelski (Was)
2 - Patrick Sharp (Was)
3 - Ryan Nugent-Hopkins (Was)

Power Play

Blue Jackets - 0 on 3 Attempt(s) - 0.00%
Capitals - 6 on 9 Attempt(s) - 66.67%

Penalty Kill

Blue Jackets - 3 on 9 Attempt(s) - 33.33% - Score 0 goal in Penalty Kill
Capitals - 3 on 3 Attempt(s) - 100.00% - Score 0 goal in Penalty Kill

Team Stat

Blue Jackets - Hits : 32 - Faceoff Wins : 32 - Blocked Shots : 13 - Penalty Minutes : 18
Capitals - Hits : 18 - Faceoff Wins : 32 - Blocked Shots : 8 - Penalty Minutes : 6

Official

Referees : Unknown
Linesman : Unknown

Game Notes

Andrei Vasilevskiy enters game at 1:59 of 2nd period

Finance

Level 1 -- Attendance: 6000 (100.00%) -- Ticket Income $612,000
Level 2 -- Attendance: 5000 (100.00%) -- Ticket Income $260,000
Level 3 -- Attendance: 1927 (96.35%) -- Ticket Income $80,934
Level 4 -- Attendance: 3679 (91.98%) -- Ticket Income $95,654
Luxury Box -- Attendance: 803 (80.30%) -- Ticket Income $154,979
Game was played at the Verizon Center.
Total Attendance: 17409 (96.72%)
Total Ticket Income: $1,203,567
Other Income: $180,535
Total Income: $1,384,102

Blue Jackets

5 vs 5 Forward 
   Center                   Left Wing                Right Wing               Time % Phy DF OF 
 1 Tyler Seguin             Artemi Panarin           Devin Setoguchi          40     1   2  2  
 2 Peter Mueller            Max Pacioretty           Martin Havlat            30     1   2  2  
 3 Pavel Datsyuk            Eric Wellwood            Tyler Kennedy            20     1   2  2  
 4 Cody Eakin               Brandon Bollig           Andreas Nodl             10     1   2  2  

5 vs 5 Defense 
   Defense                  Defense                                           Time % Phy DF OF 
 1 Cam Fowler               Mike Lundin                                       40     1   2  2  
 2 Dalton Prout             Rob Scuderi                                       30     1   2  2  
 3 Branislav Mezei          Ryan Wilson                                       20     1   2  2  
 4 Cam Fowler               Mike Lundin                                       10     1   2  2  

PowerPlay Forward 
   Center                   Left Wing                Right Wing               Time % Phy DF OF 
 1 Tyler Seguin             Artemi Panarin           Devin Setoguchi          60     1   2  2  
 2 Peter Mueller            Max Pacioretty           Martin Havlat            40     1   2  2  

PowerPlay Defense
   Defense                  Defense                                           Time % Phy DF OF 
 1 Cam Fowler               Mike Lundin                                       60     1   2  2  
 2 Dalton Prout             Rob Scuderi                                       40     1   2  2  

Penalty Kill 4 Players Forward 
   Center                   Wing                     Time % Phy DF OF 
 1 Tyler Seguin             Artemi Panarin           60     1   2  2  
 2 Max Pacioretty           Peter Mueller            40     1   2  2  

Penalty Kill 4 Players Defense
   Defense                  Defense                  Time % Phy DF OF 
 1 Cam Fowler               Mike Lundin              60     1   2  2  
 2 Dalton Prout             Rob Scuderi              40     1   2  2  

Penalty Kill - 3 Players Forward 
   Forward                                           Time % Phy DF OF 
 1 Tyler Seguin                                      60     1   2  2  
 2 Artemi Panarin                                    40     1   2  2  

Penalty Kill - 3 Players Defense
   Defense                  Defense                  Time % Phy DF OF 
 1 Cam Fowler               Mike Lundin              60     1   2  2  
 2 Dalton Prout             Rob Scuderi              40     1   2  2  

4 vs 4 Forward 
   Center                   Wing                     Time % Phy DF OF 
 1 Tyler Seguin             Artemi Panarin           60     1   2  2  
 2 Max Pacioretty           Peter Mueller            40     1   2  2  

4 vs 4 Defense
   Defense                  Defense                  Time % Phy DF OF 
 1 Cam Fowler               Mike Lundin              60     1   2  2  
 2 Dalton Prout             Rob Scuderi              40     1   2  2  

Last Minutes Offensive
   Center                   Left Wing                Right Wing               Defense                  Defense                  
   Tyler Seguin             Artemi Panarin           Devin Setoguchi          Cam Fowler               Mike Lundin              

Last Minutes Defensive
   Center                   Left Wing                Right Wing               Defense                  Defense                  
   Tyler Seguin             Artemi Panarin           Devin Setoguchi          Cam Fowler               Mike Lundin              

Goaltenders
Starting : Rick DiPietro            
Backup : Andrei Vasilevskiy       

Extra Forwards
Normal : Pavel Datsyuk, Tyler Kennedy, Eric Wellwood - PP : Pavel Datsyuk, Tyler Kennedy - PK : Eric Wellwood
Extra Defensemen
Normal : Branislav Mezei, Ryan Wilson, Dalton Prout - PP : Branislav Mezei - PK : Ryan Wilson, Dalton Prout
Penalty Shots
Tyler Seguin, Artemi Panarin, Max Pacioretty, Peter Mueller, Devin Setoguchi

Scratches
Dennis Wideman (Healthy)

Capitals

5 vs 5 Forward 
   Center                   Left Wing                Right Wing               Time % Phy DF OF 
 1 Derek Roy                Alexander Steen          Jason Pominville         40     1   2  2  
 2 Ryan Getzlaf             Patrick Sharp            Joe Pavelski             30     1   2  2  
 3 Ryan Nugent-Hopkins      Ondrej Palat             Blake Wheeler            25     1   2  2  
 4 Mikko Koivu              Mike Hoffman             T.J. Oshie               5      1   2  2  

5 vs 5 Defense 
   Defense                  Defense                                           Time % Phy DF OF 
 1 Torey Krug               Brent Burns                                       40     1   2  2  
 2 Marc-Édouard Vlasic      Mike Green                                        35     1   2  2  
 3 Trevor Daley             Ryan Suter                                        25     1   2  2  
 4 Mike Green               Brent Burns                                       0      1   2  2  

PowerPlay Forward 
   Center                   Left Wing                Right Wing               Time % Phy DF OF 
 1 Derek Roy                Patrick Sharp            Joe Pavelski             60     1   2  2  
 2 Ryan Nugent-Hopkins      Blake Wheeler            Jason Pominville         40     1   2  2  

PowerPlay Defense
   Defense                  Defense                                           Time % Phy DF OF 
 1 Mike Green               Brent Burns                                       60     1   2  2  
 2 Torey Krug               Ryan Suter                                        40     1   2  2  

Penalty Kill 4 Players Forward 
   Center                   Wing                     Time % Phy DF OF 
 1 Joe Pavelski             Derek Roy                60     1   2  2  
 2 Jason Pominville         Patrick Sharp            40     1   2  2  

Penalty Kill 4 Players Defense
   Defense                  Defense                  Time % Phy DF OF 
 1 Mike Green               Brent Burns              60     1   2  2  
 2 Trevor Daley             Ryan Suter               40     1   2  2  

Penalty Kill - 3 Players Forward 
   Forward                                           Time % Phy DF OF 
 1 Joe Pavelski                                      60     1   2  2  
 2 Derek Roy                                         40     1   2  2  

Penalty Kill - 3 Players Defense
   Defense                  Defense                  Time % Phy DF OF 
 1 Mike Green               Brent Burns              60     1   2  2  
 2 Trevor Daley             Ryan Suter               40     1   2  2  

4 vs 4 Forward 
   Center                   Wing                     Time % Phy DF OF 
 1 Joe Pavelski             Derek Roy                60     1   2  2  
 2 Jason Pominville         Patrick Sharp            40     1   2  2  

4 vs 4 Defense
   Defense                  Defense                  Time % Phy DF OF 
 1 Mike Green               Brent Burns              60     1   2  2  
 2 Torey Krug               Ryan Suter               40     1   2  2  

Last Minutes Offensive
   Center                   Left Wing                Right Wing               Defense                  Defense                  
   Derek Roy                Patrick Sharp            Joe Pavelski             Mike Green               Brent Burns              

Last Minutes Defensive
   Center                   Left Wing                Right Wing               Defense                  Defense                  
   Derek Roy                Patrick Sharp            Joe Pavelski             Mike Green               Brent Burns              

Goaltenders
Starting : Keith Kinkaid            
Backup : Tuukka Rask              

Extra Forwards
Normal : Joe Pavelski, Blake Wheeler, Mikko Koivu - PP : Derek Roy, Blake Wheeler - PK : Mikko Koivu
Extra Defensemen
Normal : Marc-Édouard Vlasic, Mike Green, Trevor Daley - PP : Marc-Édouard Vlasic - PK : Brent Burns, Trevor Daley
Penalty Shots
Joe Pavelski, Derek Roy, Jason Pominville, Patrick Sharp, Ryan Getzlaf

Scratches
None


% Time on Ice - Blue Jackets

Lines # - Real PCT - Wanted PCT - Time Play
Normal Forward
1 - 36% - 40% - 16:36
2 - 25% - 30% - 11:46
3 - 20% - 20% - 9:08
4 - 19% - 10% - 8:46
Normal Defense
1 - 37% - 40% - 17:03
2 - 31% - 30% - 14:21
3 - 28% - 20% - 13:05
4 - 4% - 10% - 1:47
PP Forward
1 - 58% - 60% - 3:27
2 - 42% - 40% - 2:30
PP Defense
1 - 52% - 60% - 3:05
2 - 48% - 40% - 2:52
PK Forward
1 - 75% - 60% - 5:49
2 - 25% - 40% - 1:58
PK Defense
1 - 70% - 60% - 5:25
2 - 30% - 40% - 2:22
PK3 Forward
1 - 0% - 60%
2 - 0% - 40%
PK3 Defense
1 - 0% - 60%
2 - 0% - 40%
44 Forward
1 - 0% - 60%
2 - 0% - 40%
44 Defense
1 - 0% - 60%
2 - 0% - 40%
Last Minute Offensive  - 0:00
Last Minute Defensive  - 0:00
Total
Forward - 60:00
Defense - 60:00

% Time on Ice - Capitals

Lines # - Real PCT - Wanted PCT - Time Play
Normal Forward
1 - 31% - 40% - 14:30
2 - 24% - 30% - 11:15
3 - 25% - 25% - 11:37
4 - 19% - 5% - 8:54
Normal Defense
1 - 42% - 40% - 19:18
2 - 33% - 35% - 15:25
3 - 25% - 25% - 11:33
4 - 0% - 0% - 0:00
PP Forward
1 - 64% - 60% - 4:57
2 - 36% - 40% - 2:50
PP Defense
1 - 66% - 60% - 5:07
2 - 34% - 40% - 2:40
PK Forward
1 - 73% - 60% - 4:22
2 - 27% - 40% - 1:35
PK Defense
1 - 58% - 60% - 3:26
2 - 42% - 40% - 2:31
PK3 Forward
1 - 0% - 60%
2 - 0% - 40%
PK3 Defense
1 - 0% - 60%
2 - 0% - 40%
44 Forward
1 - 0% - 60%
2 - 0% - 40%
44 Defense
1 - 0% - 60%
2 - 0% - 40%
Last Minute Offensive  - 0:00
Last Minute Defensive  - 0:00
Total
Forward - 60:00
Defense - 60:00

Play-by-Play

1st period


0:01 of 1st period - Tyler Seguin wins face-off versus Derek Roy in neutral zone.
0:49 of 1st period - Mike Green is hit by Max Pacioretty and loses puck.
1:10 of 1st period - Pavel Datsyuk is hit by Mike Hoffman and loses puck.
1:31 of 1st period - Derek Roy is hit by Cody Eakin and loses puck.
1:36 of 1st period - Snap shot by Brandon Bollig.
1:36 of 1st period - Deflect By Cody Eakin.
1:36 of 1st period - Stopped by Keith Kinkaid with a rebound.
1:38 of 1st period - Snap shot by Brandon Bollig.
1:38 of 1st period - Shot Blocked by Alexander Steen.
1:46 of 1st period - Trevor Daley is hit by Brandon Bollig and loses puck.
2:41 of 1st period - Trevor Daley is hit by Devin Setoguchi and loses puck.
3:10 of 1st period - Minor Penalty to Rob Scuderi for Holding.
3:11 of 1st period - Tyler Seguin wins face-off versus Derek Roy in Blue Jackets zone.
3:30 of 1st period - Cam Fowler is hit by Brent Burns and loses puck.
3:43 of 1st period - Snap shot by Ryan Nugent-Hopkins.
3:43 of 1st period - Goal by Ryan Nugent-Hopkins - Blue Jackets : 0 - Capitals : 1.
3:44 of 1st period - Peter Mueller wins face-off versus Derek Roy in neutral zone.
3:59 of 1st period - Wrist shot by Peter Mueller.
3:59 of 1st period - Shot Blocked by Torey Krug.
4:11 of 1st period - Brent Burns is hit by Pavel Datsyuk and loses puck.
4:16 of 1st period - Snap shot by Pavel Datsyuk.
4:16 of 1st period - Stopped by Keith Kinkaid with a rebound.
4:56 of 1st period - Ryan Nugent-Hopkins is hit by Max Pacioretty and loses puck.
5:36 of 1st period - Trevor Daley is hit by Eric Wellwood and loses puck.
5:57 of 1st period - Artemi Panarin is hit by Ryan Nugent-Hopkins and loses puck.
6:02 of 1st period - Snap shot by Blake Wheeler.
6:02 of 1st period - Shot Misses the Net.
6:08 of 1st period - Snap shot by Devin Setoguchi.
6:08 of 1st period - Shot Misses the Net.
6:42 of 1st period - Blake Wheeler is hit by Cam Fowler and loses puck.
6:51 of 1st period - Wrist shot by Cody Eakin.
6:51 of 1st period - Stopped by Keith Kinkaid without a rebound.
6:52 of 1st period - Tyler Seguin wins face-off versus Derek Roy in Capitals zone.
7:00 of 1st period - Minor Penalty to Devin Setoguchi for Interference.
7:01 of 1st period - Derek Roy wins face-off versus Tyler Seguin in Blue Jackets zone.
7:03 of 1st period - Slapshot by Derek Roy.
7:03 of 1st period - Stopped by Rick DiPietro without a rebound.
7:04 of 1st period - Tyler Seguin wins face-off versus Derek Roy in Blue Jackets zone.
7:17 of 1st period - Wrist shot by Patrick Sharp.
7:17 of 1st period - Shot Blocked by Cam Fowler.
7:19 of 1st period - Slapshot by Brent Burns.
7:19 of 1st period - Deflect By Joe Pavelski.
7:19 of 1st period - Shot Misses the Net.
7:19 of 1st period - Puck is out of play.
7:20 of 1st period - Derek Roy wins face-off versus Tyler Seguin in Blue Jackets zone.
7:23 of 1st period - Snap shot by Derek Roy.
7:23 of 1st period - Stopped by Rick DiPietro with a rebound.
7:35 of 1st period - Wrist shot by Artemi Panarin.
7:35 of 1st period - Stopped by Keith Kinkaid without a rebound.
7:36 of 1st period - Ryan Nugent-Hopkins wins face-off versus Tyler Seguin in Capitals zone.
7:43 of 1st period - Slapshot by Mike Green.
7:43 of 1st period - Shot Blocked by Cam Fowler.
7:45 of 1st period - Wrist shot by Mike Green.
7:45 of 1st period - Deflect By Ryan Nugent-Hopkins.
7:45 of 1st period - Goal by Ryan Nugent-Hopkins - Blue Jackets : 0 - Capitals : 2.
7:46 of 1st period - Tyler Seguin wins face-off versus Derek Roy in neutral zone.
8:13 of 1st period - Cam Fowler is hit by Joe Pavelski and loses puck.
9:15 of 1st period - Patrick Sharp is hit by Tyler Seguin and loses puck.
9:32 of 1st period - Snap shot by T.J. Oshie.
9:32 of 1st period - Stopped by Rick DiPietro with a rebound.
9:34 of 1st period - Snap shot by Brent Burns.
9:34 of 1st period - Stopped by Rick DiPietro without a rebound.
9:35 of 1st period - Peter Mueller wins face-off versus Mikko Koivu in Blue Jackets zone.
9:40 of 1st period - Brent Burns is hit by Peter Mueller and loses puck.
9:46 of 1st period - Off-side.
9:47 of 1st period - Tyler Seguin wins face-off versus Derek Roy in neutral zone.
9:56 of 1st period - Off-side.
9:57 of 1st period - Devin Setoguchi wins face-off versus Derek Roy in neutral zone.
10:08 of 1st period - Slapshot by Mike Green.
10:08 of 1st period - Stopped by Rick DiPietro without a rebound.
10:09 of 1st period - Tyler Seguin wins face-off versus Ryan Getzlaf in Blue Jackets zone.
10:22 of 1st period - Wrist shot by Patrick Sharp.
10:22 of 1st period - Shot Misses the Net.
10:24 of 1st period - Snap shot by Joe Pavelski.
10:24 of 1st period - Stopped by Rick DiPietro with a rebound.
11:09 of 1st period - Backhand shot by Alexander Steen.
11:09 of 1st period - Shot Blocked by Max Pacioretty.
11:56 of 1st period - Wrist shot by Cody Eakin.
11:56 of 1st period - Shot Misses the Net.
11:58 of 1st period - Wrist shot by Brandon Bollig.
11:58 of 1st period - Stopped by Keith Kinkaid with a rebound.
12:20 of 1st period - Ryan Suter is hit by Peter Mueller.
12:42 of 1st period - Snap shot by Blake Wheeler.
12:42 of 1st period - Stopped by Rick DiPietro without a rebound.
12:43 of 1st period - Ryan Getzlaf wins face-off versus Tyler Seguin in Blue Jackets zone.
12:49 of 1st period - Off-side.
12:50 of 1st period - Max Pacioretty wins face-off versus Ryan Getzlaf in neutral zone.
14:09 of 1st period - Wrist shot by Mike Green.
14:09 of 1st period - Shot Blocked by Cam Fowler.
14:17 of 1st period - Slapshot by Cam Fowler.
14:17 of 1st period - Stopped by Keith Kinkaid without a rebound.
14:18 of 1st period - Derek Roy wins face-off versus Tyler Seguin in Capitals zone.
14:32 of 1st period - Icing by Ryan Suter.
14:33 of 1st period - Derek Roy wins face-off versus Martin Havlat in Capitals zone.
14:33 of 1st period - Derek Roy is hit by Max Pacioretty.
14:49 of 1st period - Snap shot by Alexander Steen.
14:49 of 1st period - Shot Blocked by Peter Mueller.
14:51 of 1st period - Snap shot by Jason Pominville.
14:51 of 1st period - Shot Blocked by Rob Scuderi.
14:53 of 1st period - Wrist shot by Jason Pominville.
14:53 of 1st period - Stopped by Rick DiPietro without a rebound.
14:54 of 1st period - Ryan Nugent-Hopkins wins face-off versus Tyler Seguin in Blue Jackets zone.
15:00 of 1st period - Off-side.
15:01 of 1st period - Ryan Nugent-Hopkins wins face-off versus Tyler Seguin in neutral zone.
15:11 of 1st period - Snap shot by Artemi Panarin.
15:11 of 1st period - Stopped by Keith Kinkaid with a rebound.
15:13 of 1st period - Wrist shot by Artemi Panarin.
15:13 of 1st period - Stopped by Keith Kinkaid without a rebound.
15:14 of 1st period - Derek Roy wins face-off versus Peter Mueller in Capitals zone.
15:26 of 1st period - Off-side.
15:27 of 1st period - Tyler Seguin wins face-off versus Derek Roy in neutral zone.
15:37 of 1st period - Off-side.
15:38 of 1st period - Tyler Seguin wins face-off versus Ryan Getzlaf in neutral zone.
15:43 of 1st period - Joe Pavelski is hit by Mike Lundin and loses puck.
15:51 of 1st period - Mike Lundin is hit by Mike Green.
16:45 of 1st period - Slapshot by Ryan Getzlaf.
16:45 of 1st period - Stopped by Rick DiPietro with a rebound.
16:53 of 1st period - Wrist shot by Joe Pavelski.
16:53 of 1st period - Shot Blocked by Branislav Mezei.
17:03 of 1st period - Wrist shot by Devin Setoguchi.
17:03 of 1st period - Stopped by Keith Kinkaid with a rebound.
17:05 of 1st period - Snap shot by Branislav Mezei.
17:05 of 1st period - Stopped by Keith Kinkaid without a rebound.
17:06 of 1st period - Tyler Seguin wins face-off versus Mikko Koivu in Capitals zone.
17:11 of 1st period - Slapshot by Tyler Seguin.
17:11 of 1st period - Shot Misses the Net.
17:13 of 1st period - Snap shot by Artemi Panarin.
17:13 of 1st period - Shot Misses the Net.
18:00 of 1st period - Minor Penalty to Dalton Prout for Hooking.
18:01 of 1st period - Derek Roy wins face-off versus Max Pacioretty in Blue Jackets zone.
18:07 of 1st period - Snap shot by Patrick Sharp.
18:07 of 1st period - Shot Blocked by Max Pacioretty.
18:09 of 1st period - Snap shot by Joe Pavelski.
18:09 of 1st period - Goal by Joe Pavelski - Blue Jackets : 0 - Capitals : 3.
18:10 of 1st period - Peter Mueller wins face-off versus Derek Roy in neutral zone.
18:36 of 1st period - Torey Krug is hit by Tyler Seguin and loses puck.
18:41 of 1st period - Snap shot by Artemi Panarin.
18:41 of 1st period - Shot Misses the Net.
18:43 of 1st period - Slapshot by Ryan Wilson.
18:43 of 1st period - Shot Misses the Net.
18:49 of 1st period - Snap shot by Artemi Panarin.
18:49 of 1st period - Shot Misses the Net.
19:03 of 1st period - Backhand shot by Brent Burns.
19:03 of 1st period - Stopped by Rick DiPietro with a rebound.
19:30 of 1st period - Wrist shot by Ondrej Palat.
19:30 of 1st period - Shot Misses the Net.
19:51 of 1st period - Dalton Prout is hit by Marc-Édouard Vlasic.
Goals for this period are 0 for Blue Jackets vs 3 for Capitals.
Shots for this period are 10 for Blue Jackets vs 13 for Capitals.

2nd period


0:01 of 2nd period - Peter Mueller wins face-off versus Derek Roy in neutral zone.
0:04 of 2nd period - Slapshot by Mike Lundin.
0:04 of 2nd period - Shot Misses the Net.
0:06 of 2nd period - Slapshot by Cam Fowler.
0:06 of 2nd period - Shot Blocked by Alexander Steen.
0:10 of 2nd period - Slapshot by Martin Havlat.
0:10 of 2nd period - Stopped by Keith Kinkaid without a rebound.
0:11 of 2nd period - Derek Roy wins face-off versus Tyler Seguin in Capitals zone.
0:24 of 2nd period - Wrist shot by Jason Pominville.
0:24 of 2nd period - Stopped by Rick DiPietro without a rebound.
0:25 of 2nd period - Ryan Nugent-Hopkins wins face-off versus Peter Mueller in Blue Jackets zone.
1:25 of 2nd period - Snap shot by Patrick Sharp.
1:25 of 2nd period - Shot Misses the Net.
1:55 of 2nd period - Minor Penalty to Andreas Nodl for Tripping.
1:56 of 2nd period - Derek Roy wins face-off versus Tyler Seguin in Blue Jackets zone.
1:59 of 2nd period - Wrist shot by Patrick Sharp.
1:59 of 2nd period - Goal by Patrick Sharp - Blue Jackets : 0 - Capitals : 4.
1:59 of 2nd period - Andrei Vasilevskiy enters game.
2:00 of 2nd period - Derek Roy wins face-off versus Peter Mueller in neutral zone.
2:27 of 2nd period - Slapshot by Devin Setoguchi.
2:27 of 2nd period - Stopped by Keith Kinkaid without a rebound.
2:28 of 2nd period - Tyler Seguin wins face-off versus Ryan Nugent-Hopkins in Capitals zone.
2:49 of 2nd period - Rob Scuderi is hit by Marc-Édouard Vlasic.
2:53 of 2nd period - Ondrej Palat is hit by Devin Setoguchi and loses puck.
3:28 of 2nd period - Wrist shot by Artemi Panarin.
3:28 of 2nd period - Stopped by Keith Kinkaid without a rebound.
3:29 of 2nd period - Derek Roy wins face-off versus Peter Mueller in Capitals zone.
3:40 of 2nd period - Snap shot by Martin Havlat.
3:40 of 2nd period - Stopped by Keith Kinkaid without a rebound.
3:41 of 2nd period - Alexander Steen wins face-off versus Peter Mueller in Capitals zone.
3:41 of 2nd period - Alexander Steen is hit by Max Pacioretty.
3:52 of 2nd period - Wrist shot by Jason Pominville.
3:52 of 2nd period - Stopped by Andrei Vasilevskiy with a rebound.
3:54 of 2nd period - Wrist shot by Jason Pominville.
3:54 of 2nd period - Stopped by Andrei Vasilevskiy with a rebound.
3:56 of 2nd period - Wrist shot by Derek Roy.
3:56 of 2nd period - Stopped by Andrei Vasilevskiy with a rebound.
4:30 of 2nd period - Cody Eakin is hit by Mikko Koivu and loses puck.
4:41 of 2nd period - Trevor Daley is hit by Brandon Bollig.
5:34 of 2nd period - Minor Penalty to Devin Setoguchi for Hooking.
5:35 of 2nd period - Tyler Seguin wins face-off versus Derek Roy in Blue Jackets zone.
7:34 of 2nd period - Penalty to Devin Setoguchi is over, Devin Setoguchi is back on ice.
8:01 of 2nd period - Snap shot by Max Pacioretty.
8:01 of 2nd period - Shot Misses the Net.
8:43 of 2nd period - Derek Roy is hit by Mike Lundin and loses puck.
9:45 of 2nd period - Blake Wheeler is hit by Martin Havlat.
9:49 of 2nd period - Blake Wheeler is hit by Martin Havlat and loses puck.
10:00 of 2nd period - Ryan Nugent-Hopkins is hit by Eric Wellwood and loses puck.
10:11 of 2nd period - Minor Penalty to Ondrej Palat for Tripping.
10:12 of 2nd period - Tyler Seguin wins face-off versus Joe Pavelski in Capitals zone.
10:59 of 2nd period - Wrist shot by Artemi Panarin.
10:59 of 2nd period - Stopped by Keith Kinkaid with a rebound.
11:01 of 2nd period - Snap shot by Artemi Panarin.
11:01 of 2nd period - Stopped by Keith Kinkaid without a rebound.
11:02 of 2nd period - Joe Pavelski wins face-off versus Peter Mueller in Capitals zone.
12:07 of 2nd period - Wrist shot by Jason Pominville.
12:07 of 2nd period - Stopped by Andrei Vasilevskiy with a rebound.
12:11 of 2nd period - Penalty to Ondrej Palat is over, Ondrej Palat is back on ice.
12:23 of 2nd period - Wrist shot by Pavel Datsyuk.
12:23 of 2nd period - Shot Misses the Net.
12:25 of 2nd period - Snap shot by Pavel Datsyuk.
12:25 of 2nd period - Shot Blocked by Trevor Daley.
12:27 of 2nd period - Slapshot by Branislav Mezei.
12:27 of 2nd period - Stopped by Keith Kinkaid without a rebound.
12:28 of 2nd period - Ryan Nugent-Hopkins wins face-off versus Pavel Datsyuk in Capitals zone.
12:55 of 2nd period - Marc-Édouard Vlasic is hit by Ryan Wilson and loses puck.
13:21 of 2nd period - Wrist shot by Ryan Getzlaf.
13:21 of 2nd period - Stopped by Andrei Vasilevskiy with a rebound.
13:39 of 2nd period - Snap shot by Ryan Nugent-Hopkins.
13:39 of 2nd period - Shot Misses the Net.
13:58 of 2nd period - Icing by Torey Krug.
13:59 of 2nd period - Tyler Seguin wins face-off versus Mikko Koivu in Capitals zone.
14:04 of 2nd period - Slapshot by Artemi Panarin.
14:04 of 2nd period - Shot Blocked by Torey Krug.
14:32 of 2nd period - Brent Burns is hit by Mike Lundin and loses puck.
14:58 of 2nd period - Snap shot by Tyler Seguin.
14:58 of 2nd period - Stopped by Keith Kinkaid with a rebound.
15:00 of 2nd period - Wrist shot by Devin Setoguchi.
15:00 of 2nd period - Stopped by Keith Kinkaid with a rebound.
15:02 of 2nd period - Snap shot by Mike Lundin.
15:02 of 2nd period - Stopped by Keith Kinkaid without a rebound.
15:03 of 2nd period - Derek Roy wins face-off versus Peter Mueller in Capitals zone.
16:56 of 2nd period - Minor Penalty to Patrick Sharp for Hooking.
16:57 of 2nd period - Joe Pavelski wins face-off versus Tyler Seguin in Capitals zone.
17:06 of 2nd period - Snap shot by Artemi Panarin.
17:06 of 2nd period - Shot Blocked by Mike Green.
17:08 of 2nd period - Snap shot by Artemi Panarin.
17:08 of 2nd period - Shot Misses the Net.
17:16 of 2nd period - Tyler Seguin is hit by Joe Pavelski and loses puck.
17:35 of 2nd period - Jason Pominville is hit by Dalton Prout.
17:45 of 2nd period - Ryan Suter is hit by Rob Scuderi.
17:49 of 2nd period - Snap shot by Max Pacioretty.
17:49 of 2nd period - Stopped by Keith Kinkaid with a rebound.
18:02 of 2nd period - Icing by Mike Lundin.
18:03 of 2nd period - Mikko Koivu wins face-off versus Peter Mueller in Blue Jackets zone.
18:04 of 2nd period - Snap shot by Alexander Steen.
18:04 of 2nd period - Stopped by Andrei Vasilevskiy with a rebound.
18:46 of 2nd period - Max Pacioretty is hit by Joe Pavelski.
18:56 of 2nd period - Penalty to Patrick Sharp is over, Patrick Sharp is back on ice.
19:18 of 2nd period - Blake Wheeler is hit by Eric Wellwood and loses puck.
19:32 of 2nd period - Slapshot by T.J. Oshie.
19:32 of 2nd period - Shot Blocked by Ryan Wilson.
19:34 of 2nd period - Wrist shot by Trevor Daley.
19:34 of 2nd period - Shot Blocked by Branislav Mezei.
19:36 of 2nd period - Slapshot by Ryan Suter.
19:36 of 2nd period - Stopped by Andrei Vasilevskiy without a rebound.
19:37 of 2nd period - Derek Roy wins face-off versus Peter Mueller in Blue Jackets zone.
19:41 of 2nd period - Minor Penalty to Cam Fowler for Cross-checking.
19:42 of 2nd period - Tyler Seguin wins face-off versus Derek Roy in Blue Jackets zone.
19:52 of 2nd period - Slapshot by Mike Green.
19:52 of 2nd period - Shot Misses the Net.
19:54 of 2nd period - Snap shot by Patrick Sharp.
19:54 of 2nd period - Goal by Patrick Sharp - Blue Jackets : 0 - Capitals : 5.
19:55 of 2nd period - Derek Roy wins face-off versus Tyler Seguin in neutral zone.
Goals for this period are 0 for Blue Jackets vs 2 for Capitals.
Shots for this period are 11 for Blue Jackets vs 10 for Capitals.

3rd period


0:01 of 3rd period - Derek Roy wins face-off versus Tyler Seguin in neutral zone.
0:52 of 3rd period - Snap shot by Pavel Datsyuk.
0:52 of 3rd period - Shot Misses the Net.
1:36 of 3rd period - Slapshot by Ryan Nugent-Hopkins.
1:36 of 3rd period - Shot Misses the Net.
1:38 of 3rd period - Slapshot by Brent Burns.
1:38 of 3rd period - Stopped by Andrei Vasilevskiy with a rebound.
1:40 of 3rd period - Wrist shot by Ondrej Palat.
1:40 of 3rd period - Shot Blocked by Rob Scuderi.
1:42 of 3rd period - Wrist shot by Torey Krug.
1:42 of 3rd period - Stopped by Andrei Vasilevskiy without a rebound.
1:43 of 3rd period - Peter Mueller wins face-off versus Derek Roy in Blue Jackets zone.
1:45 of 3rd period - Minor Penalty to Max Pacioretty for Close Hand On Puck.
1:46 of 3rd period - Tyler Seguin wins face-off versus Derek Roy in Blue Jackets zone.
3:45 of 3rd period - Penalty to Max Pacioretty is over, Max Pacioretty is back on ice.
3:54 of 3rd period - Branislav Mezei is hit by Mikko Koivu and loses puck.
4:09 of 3rd period - Ryan Wilson is hit by Torey Krug and loses puck.
5:25 of 3rd period - Minor Penalty to Blake Wheeler for Holding.
5:26 of 3rd period - Joe Pavelski wins face-off versus Tyler Seguin in Capitals zone.
7:25 of 3rd period - Penalty to Blake Wheeler is over, Blake Wheeler is back on ice.
7:33 of 3rd period - Eric Wellwood is hit by Torey Krug and loses puck.
7:54 of 3rd period - Wrist shot by T.J. Oshie.
7:54 of 3rd period - Shot Blocked by Cam Fowler.
7:56 of 3rd period - Snap shot by Mike Hoffman.
7:56 of 3rd period - Deflect By Mikko Koivu.
7:56 of 3rd period - Stopped by Andrei Vasilevskiy without a rebound.
7:57 of 3rd period - Mikko Koivu wins face-off versus Andreas Nodl in Blue Jackets zone.
8:06 of 3rd period - Snap shot by Mike Hoffman.
8:06 of 3rd period - Shot Misses the Net.
8:08 of 3rd period - Minor Penalty to Brandon Bollig for Interference.
8:09 of 3rd period - Derek Roy wins face-off versus Tyler Seguin in Blue Jackets zone.
8:10 of 3rd period - Slapshot by Joe Pavelski.
8:10 of 3rd period - Stopped by Andrei Vasilevskiy with a rebound.
8:12 of 3rd period - Wrist shot by Joe Pavelski.
8:12 of 3rd period - Stopped by Andrei Vasilevskiy with a rebound.
8:14 of 3rd period - Snap shot by Joe Pavelski.
8:14 of 3rd period - Goal by Joe Pavelski - Blue Jackets : 0 - Capitals : 6.
8:15 of 3rd period - Tyler Seguin wins face-off versus Derek Roy in neutral zone.
8:17 of 3rd period - Off-side.
8:18 of 3rd period - Tyler Seguin wins face-off versus Jason Pominville in neutral zone.
8:40 of 3rd period - Devin Setoguchi is hit by Jason Pominville and loses puck.
8:47 of 3rd period - Snap shot by Alexander Steen.
8:47 of 3rd period - Stopped by Andrei Vasilevskiy without a rebound.
8:48 of 3rd period - Patrick Sharp wins face-off versus Peter Mueller in Blue Jackets zone.
8:49 of 3rd period - Snap shot by Ryan Getzlaf.
8:49 of 3rd period - Shot Blocked by Martin Havlat.
8:54 of 3rd period - Off-side.
8:55 of 3rd period - Martin Havlat wins face-off versus Ryan Getzlaf in neutral zone.
9:06 of 3rd period - Snap shot by Max Pacioretty.
9:06 of 3rd period - Stopped by Keith Kinkaid without a rebound.
9:07 of 3rd period - Jason Pominville wins face-off versus Tyler Seguin in Capitals zone.
9:07 of 3rd period - Jason Pominville is hit by Cam Fowler.
9:15 of 3rd period - Wrist shot by Jason Pominville.
9:15 of 3rd period - Stopped by Andrei Vasilevskiy with a rebound.
9:17 of 3rd period - Wrist shot by Jason Pominville.
9:17 of 3rd period - Stopped by Andrei Vasilevskiy without a rebound.
9:18 of 3rd period - Tyler Seguin wins face-off versus Derek Roy in Blue Jackets zone.
9:31 of 3rd period - Wrist shot by Tyler Seguin.
9:31 of 3rd period - Stopped by Keith Kinkaid without a rebound.
9:32 of 3rd period - Derek Roy wins face-off versus Tyler Seguin in Capitals zone.
9:41 of 3rd period - Wrist shot by Alexander Steen.
9:41 of 3rd period - Shot Misses the Net.
9:59 of 3rd period - Torey Krug is hit by Max Pacioretty and loses puck.
10:04 of 3rd period - Snap shot by Peter Mueller.
10:04 of 3rd period - Shot Hit the Post.
10:26 of 3rd period - Slapshot by Pavel Datsyuk.
10:26 of 3rd period - Stopped by Keith Kinkaid without a rebound.
10:27 of 3rd period - Tyler Seguin wins face-off versus Derek Roy in Capitals zone.
10:32 of 3rd period - Slapshot by Devin Setoguchi.
10:32 of 3rd period - Shot Misses the Net.
10:42 of 3rd period - Wrist shot by Tyler Seguin.
10:42 of 3rd period - Deflect By Artemi Panarin.
10:42 of 3rd period - Stopped by Keith Kinkaid with a rebound.
11:04 of 3rd period - Snap shot by Ryan Getzlaf.
11:04 of 3rd period - Stopped by Andrei Vasilevskiy without a rebound.
11:05 of 3rd period - Ryan Getzlaf wins face-off versus Tyler Seguin in Blue Jackets zone.
11:08 of 3rd period - Wrist shot by Ryan Getzlaf.
11:08 of 3rd period - Stopped by Andrei Vasilevskiy without a rebound.
11:09 of 3rd period - Tyler Seguin wins face-off versus Ryan Getzlaf in Blue Jackets zone.
11:09 of 3rd period - Tyler Seguin is hit by Ryan Getzlaf.
11:58 of 3rd period - Snap shot by Ryan Getzlaf.
11:58 of 3rd period - Stopped by Andrei Vasilevskiy with a rebound.
12:00 of 3rd period - Slapshot by Jason Pominville.
12:00 of 3rd period - Stopped by Andrei Vasilevskiy with a rebound.
13:12 of 3rd period - Ryan Wilson is hit by Derek Roy.
13:31 of 3rd period - Snap shot by Mike Lundin.
13:31 of 3rd period - Shot Misses the Net.
14:00 of 3rd period - Andreas Nodl is hit by Mike Hoffman and loses puck.
14:21 of 3rd period - Derek Roy is hit by Tyler Kennedy and loses puck.
14:30 of 3rd period - Snap shot by Pavel Datsyuk.
14:30 of 3rd period - Stopped by Keith Kinkaid with a rebound.
14:45 of 3rd period - Brent Burns is hit by Ryan Wilson and loses puck.
15:02 of 3rd period - Devin Setoguchi is hit by Joe Pavelski.
15:10 of 3rd period - Snap shot by Ryan Getzlaf.
15:10 of 3rd period - Shot Misses the Net.
15:23 of 3rd period - Icing by Joe Pavelski.
15:24 of 3rd period - Cody Eakin wins face-off versus Derek Roy in Capitals zone.
15:32 of 3rd period - Trevor Daley is hit by Mike Lundin and loses puck.
15:51 of 3rd period - Slapshot by Cam Fowler.
15:51 of 3rd period - Deflect By Blake Wheeler.
15:51 of 3rd period - Stopped by Keith Kinkaid without a rebound.
15:52 of 3rd period - Max Pacioretty wins face-off versus Blake Wheeler in Capitals zone.
15:53 of 3rd period - Snap shot by Martin Havlat.
15:53 of 3rd period - Shot Blocked by Marc-Édouard Vlasic.
15:55 of 3rd period - Wrist shot by Rob Scuderi.
15:55 of 3rd period - Goal by Rob Scuderi - Blue Jackets : 1 - Capitals : 6.
15:56 of 3rd period - Tyler Seguin wins face-off versus Derek Roy in neutral zone.
15:59 of 3rd period - Wrist shot by Mike Lundin.
15:59 of 3rd period - Shot Blocked by Torey Krug.
16:18 of 3rd period - Minor Penalty to Mike Lundin for Hooking.
16:19 of 3rd period - Derek Roy wins face-off versus Tyler Seguin in Blue Jackets zone.
18:18 of 3rd period - Penalty to Mike Lundin is over, Mike Lundin is back on ice.
18:33 of 3rd period - Snap shot by Cody Eakin.
18:33 of 3rd period - Shot Misses the Net.
19:21 of 3rd period - Patrick Sharp is hit by Tyler Kennedy.
Goals for this period are 1 for Blue Jackets vs 1 for Capitals.
Shots for this period are 7 for Blue Jackets vs 13 for Capitals.